 Dungeon Crawl Stone Soup version 0.27-a0-1193-g8631133539 (webtiles) character file.

Game seed: 2726970171929110728

18325 Delamore the Basher (level 12, -9/77 HPs)
             Began as a Gargoyle Monk on May 25, 2021.
             Was a High Priest of Okawaru.
             Mangled by a death yak (18 damage)
             ... on level 2 of the Lair of Beasts.
             The game lasted 00:11:45 (8924 turns).

Delamore the Basher (Gargoyle Monk)                 Turns: 8924, Time: 00:11:46

Health: -9/77      AC: 26    Str: 26    XL:     12   Next: 57%
Magic:  15/15      EV: 10    Int: 11    God:    Okawaru [*****.]
Gold:   692        SH: 12    Dex: 12    Spells: 11/11 levels left

rFire    . . .     SeeInvis .   v - +2 flail (spect)
rCold    + . .     Faith    .   E - +0 kite shield
rNeg     + . .     Spirit   .   y - +2 ring mail {rC+}
rPois    ∞         Reflect  .   G - +1 hat {Stlth+}
rElec    +         Harm     .   h - scarf {+Inv}
rCorr    .         Rampage  .   F - +2 pair of gloves
Will     .....                  J - +0 pair of boots
Stlth    ++........             j - amulet of regeneration
HPRegen  1.22/turn              i - +4 ring of protection
MPRegen  0.14/turn              N - +6 ring of strength

@: no status effects
A: sickness immunity, AC +8, negative energy resistance 1, electricity
resistance, torment resistance 1, petrification resistance
a: Renounce Religion, Evoke Invisibility, Heroism, Finesse


You were on level 2 of the Lair of Beasts.
You worshipped Okawaru.
Okawaru was extremely pleased with you.
You visited 3 branches of the dungeon, and saw 13 of its levels.

You collected 692 gold pieces.

Inventory:

Hand Weapons
 v - a +2 spectral flail (weapon)
 C - a +2 morningstar of distortion
Missiles
 q - 4 throwing nets
 r - 11 poisoned darts (quivered)
 P - 3 silver javelins
 Q - 5 curare-tipped darts
Armour
 h - a scarf of invisibility (worn)
 y - a +2 ring mail of cold resistance (worn)
 E - a +0 kite shield (worn)
 F - a +2 pair of gloves (worn)
 G - a +1 hat of stealth (worn)
 J - a +0 pair of boots (worn)
Jewellery
 i - a +4 ring of protection (left hand)
 j - an amulet of regeneration (around neck)
 k - a ring of wizardry
 p - a ring of positive energy
 w - a ring of fire
 N - a +6 ring of strength (right hand)
 O - a ring of protection from fire
Wands
 a - a wand of iceblast (15)
 b - a wand of mindburst (10)
 f - a wand of charming (12)
 L - a wand of acid (12)
 M - a wand of flame (20)
Scrolls
 e - 2 scrolls of torment
 g - a scroll of teleportation
 l - a scroll of brand weapon
 n - a scroll of fog
 s - 2 scrolls of amnesia
 t - 5 scrolls of magic mapping
 A - 3 scrolls of holy word
 B - a scroll of enchant armour {unknown}
 D - a scroll of immolation
 H - a scroll of silence
 I - a scroll of identify
Potions
 c - 3 potions of resistance
 m - 2 potions of flight {unknown}
 o - 3 potions of lignification {unknown}
 u - a potion of haste {unknown}
 x - 2 potions of magic {unknown}
 z - 2 potions of might {unknown}
 R - a potion of degeneration {unknown}


   Skills:
 - Level 10.0 Fighting
 - Level 14.0 Maces & Flails
 - Level 5.0 Armour
 - Level 2.4 Dodging
 - Level 2.1 Stealth
 + Level 10.3 Shields
 + Level 4.1 Invocations
 + Level 3.3 Evocations


You had 11 spell levels left.
You didn't know any spells.
Your spell library contained the following spells:

 Spells                   Type           Power      Damage    Failure   Level
 Animate Skeleton         Necr           0%         N/A       67%         1
 Apportation              Tloc           0%         N/A       67%         1
 Corona                   Hex            0%         N/A       67%         1
 Magic Dart               Conj           0%         1d3       67%         1
 Summon Small Mammal      Summ           0%         N/A       67%         1
 Blink                    Tloc           N/A        N/A       82%         2
 Call Imp                 Summ           0%         N/A       82%         2
 Slow                     Hex            0%         N/A       82%         2
 Call Canine Familiar     Summ           0%         N/A       96%         3
 Confusing Touch          Hex            0%         N/A       96%         3
 Conjure Flame            Conj/Fire      0%         6-21      96%         3
 Gell's Gravitas          Tloc           0%         N/A       96%         3
 Mephitic Cloud           Conj/Pois/Air  0%         N/A       96%         3
 Summon Guardian Golem    Hex/Summ       0%         N/A       96%         3
 Petrify                  Tmut/Erth      0%         N/A       100%        4
 Summon Ice Beast         Ice/Summ       0%         N/A       100%        4
 Summon Lightning Spire   Summ/Air       0%         N/A       100%        4
 Metabolic Englaciation   Hex/Ice        0%         N/A       100%        5
 Yara's Violent Unravell  Hex/Tmut       0%         3d3       100%        5


Dungeon Overview and Level Annotations

Branches:
Dungeon (10/15)            Temple (1/1) D:5            Lair (2/6) D:8
  Swamp: Lair:2-4    Shoals: Lair:2-4     Snake: Lair:2-4    Spider: Lair:2-4
    Orc: D:9-12

Altars:
Ashenzari
Cheibriados
Dithmenos
Elyvilon
Fedhas
Gozag
Hepliaklqana
Okawaru
Sif Muna
Vehumet

Annotations:
D:4 2 transporters, Froggeryz's ghost, novice DDFi


Innate Abilities, Weirdness & Mutations

You are immune to sickness and miasma.
Your stone body is resilient. (AC +8)
You are immune to poison.
You resist negative energy. (rN+)
You are resistant to electric shocks. (rElec)
You are resistant to unholy torment.
You are immune to petrification.


Message History

You are too injured to fight recklessly!
You hit the death yak but do no damage.
The death yak is moderately wounded.
The death yak gores you!
You hit the death yak but do no damage.
The death yak is moderately wounded.
You hit the death yak but do no damage.
The death yak is moderately wounded.
The death yak barely misses you.
You thump the death yak!
The death yak is heavily wounded.
The death yak gores you but does no damage.
You bludgeon the death yak!!
The death yak is severely wounded.
The death yak gores you.
You barely miss the death yak.
The death yak is severely wounded.
The death yak gores you!!
* * * LOW HITPOINT WARNING * * *
Okay, then.
You feel better. The death yak gores you!
* * * LOW HITPOINT WARNING * * *
Okay, then.
Okay, then.
As you read the scroll of fear, it crumbles to dust.
You assume a fearsome visage.
The bullfrog looks frightened!
The wolf looks frightened!
The death yak resists with some effort.
The death yak looks frightened!
You block the death yak's attack.
You hit the death yak but do no damage.
The death yak is severely wounded.
You hit the death yak but do no damage.
The death yak is severely wounded.
The death yak misses you.
You hit the death yak but do no damage.
The death yak is severely wounded.
You block the death yak's attack.
You hit the death yak but do no damage.
The death yak is severely wounded.
The death yak gores you!!
You die...

..# ###.....P#### .P###.#...#.##
...........## ......#.#...#####
.....#..........# ##
....#..........P# ####)##
......#..^.....## #.....#
..........##..#### ##....#
.......###.#P.##@#### #.....##.
#.............YY##..# ##.$......
....#.........#Yh...# #.†††?....
.#........Y......h..# ##...†#
.##.......#...##.FYY###†...##
..........#...##...)..†h....#
.P..)......................#....
...........................#.....
..†....<...............###.....#.


You could see 4 death yaks.

Vanquished Creatures
  A yaktaur captain (D:10)
  A centaur warrior (D:10)
  A hydra (Lair:1)
  A two-headed ogre (D:10)
  2 death yaks (Lair:2)
  Sonja (Lair:2)
  A black mamba (Lair:2)
  2 gargoyles (D:10)
  2 cane toads
  Maggie (D:7)
  A rime drake (Lair:1)
  2 komodo dragons
  4 blink frogs (Lair:1)
  A vampire (D:10)
  2 wyverns
  30 yaks
  Eustachio (D:4)
  A steam dragon (D:9)
  Menkaure (D:6)
  9 water moccasins
  3 sky beasts
  5 orc warriors
  12 wolves (Lair:2)
  2 ogres
  2 centaurs (D:7)
  7 bullfrogs
  2 kobold brigands
  2 gnoll sergeants
  3 scorpions
  5 killer bees (D:9)
  8 wights
  An electric eel (Lair:1)
  A bullfrog zombie (D:6)
  4 hounds
  A jelly (D:5)
  A centaur skeleton (D:7)
  4 centaur zombies
  An orc priest (D:3)
  2 gnoll shamans
  An iguana (D:6)
  6 orc wizards
  A killer bee zombie (D:7)
  2 hound skeletons (D:4)
  3 howler monkey zombies
  6 adders
  19 gnolls
  A howler monkey skeleton (D:3)
  9 dart slugs
  A worm (D:4)
  13 orcs
  9 endoplasms
  5 giant cockroaches
  9 goblins
  4 hobgoblins
  7 jackals
  5 quokkas
  6 ball pythons
  4 bats
  6 frilled lizards (D:2)
  A jackal skeleton (D:4)
  9 kobolds
  4 rats
262 creatures vanquished.

Vanquished Creatures (others)
  4 fungi
  26 plants
30 creatures vanquished.

Grand Total: 292 creatures vanquished

Notes
Turn   | Place    | Note
-------+----------+-------------------------------------------
     0 | D:1      | Delamore the Gargoyle Monk began the quest for the Orb.
     0 | D:1      | Reached XP level 1. HP: 14/14 MP: 1/1
    42 | D:1      | Reached XP level 2. HP: 2/19 MP: 2/2
   540 | D:1      | Found a faded altar of an unknown god.
   874 | D:1      | Reached XP level 3. HP: 24/24 MP: 3/3
  1300 | D:2      | Reached skill level 4 in Maces & Flails
  1863 | D:3      | Reached XP level 4. HP: 26/29 MP: 4/4
  2304 | D:3      | Reached XP level 5. HP: 34/34 MP: 5/5
  2343 | D:3      | Found an opulent altar of Gozag.
  2428 | D:3      | Reached skill level 5 in Maces & Flails
  2631 | D:3      | Found a shimmering blue altar of Sif Muna.
  2956 | D:3      | Reached XP level 6. HP: 34/40 MP: 6/6
  2974 | D:4      | Reached skill level 5 in Fighting
  2983 | D:4      | HP: 1/40 [gnoll/+2 halberd of flaming (2)]
  3037 | D:4      | Reached skill level 6 in Maces & Flails
  3218 | D:4      | Found a transporter.
  3236 | D:4      | Noticed Froggeryz's ghost (novice DDFi)
  3236 | D:4      | Noticed a small abomination
  3279 | D:4      | Found a transporter.
  3342 | D:4      | Noticed an orc warrior
  3380 | D:3      | Killed an orc warrior
  3381 | D:3      | Reached skill level 7 in Maces & Flails
  3381 | D:3      | Reached XP level 7. HP: 21/44 MP: 7/7
  3584 | D:4      | Reached skill level 8 in Maces & Flails
  3633 | D:4      | Noticed Eustachio
  3702 | D:4      | Killed Eustachio
  3703 | D:4      | Reached XP level 8. HP: 41/49 MP: 8/8
  3919 | D:5      | Entered Level 5 of the Dungeon
  3928 | D:5      | Reached skill level 9 in Maces & Flails
  4042 | D:5      | Found a staircase to the Ecumenical Temple.
  4065 | D:5      | You fall into a shaft and drop 3 floors!
  4121 | D:7      | Noticed Maggie
  4121 | D:7      | Noticed a yak
  4121 | D:7      | Noticed a yak
  4121 | D:7      | Noticed a yak
  4121 | D:7      | Noticed a yak
  4198 | Temple   | Entered the Ecumenical Temple
  4216 | Temple   | Became a worshipper of Warmaster Okawaru
  4216 | Temple   | Reached * piety under Okawaru
  4216 | Temple   | Reached ** piety under Okawaru
  4617 | D:6      | Reached skill level 10 in Maces & Flails
  4670 | D:6      | Reached skill level 1 in Armour
  4682 | D:6      | Found a snail-covered altar of Cheibriados.
  4796 | D:6      | Noticed Menkaure
  4798 | D:6      | Found a hazy altar of Hepliaklqana.
  4801 | D:6      | Killed Menkaure
  4802 | D:6      | Reached XP level 9. HP: 43/54 MP: 9/9
  4807 | D:6      | Reached *** piety under Okawaru
  4821 | D:6      | Reached skill level 11 in Maces & Flails
  5189 | D:7      | Killed Maggie
  5194 | D:7      | Reached **** piety under Okawaru
  5200 | D:7      | Reached skill level 12 in Maces & Flails
  5200 | D:7      | Reached skill level 5 in Armour
  5433 | D:8      | Found a staircase to the Lair.
  5463 | D:8      | Reached XP level 10. HP: 59/59 MP: 10/10
  5537 | D:8      | Found a white marble altar of Elyvilon.
  6165 | D:9      | Reached skill level 13 in Maces & Flails
  6260 | D:9      | Reached ***** piety under Okawaru
  6538 | D:9      | Received a gift from Okawaru
  6804 | D:10     | Entered Level 10 of the Dungeon
  6952 | D:10     | Reached skill level 14 in Maces & Flails
  6956 | D:10     | Reached skill level 1 in Shields
  7067 | D:10     | Reached XP level 11. HP: 66/66 MP: 11/11
  7251 | D:10     | Found a radiant altar of Vehumet.
  7252 | D:10     | Noticed a yaktaur captain
  7253 | D:10     | Noticed a centaur warrior
  7260 | D:10     | Killed a centaur warrior
  7261 | D:10     | Reached skill level 5 in Shields
  7276 | D:10     | Killed a yaktaur captain
  7369 | D:10     | Noticed a two-headed ogre
  7375 | D:10     | Killed a two-headed ogre
  7536 | D:10     | Received a gift from Okawaru
  7762 | D:10     | Noticed a tengu reaver
  7771 | D:10     | HP: 2/69 [tengu reaver/bolt of fire (39)]
  7781 | D:10     | HP: 1/69 [tengu reaver/bolt of lightning (13)]
  7879 | Lair:1   | Entered Level 1 of the Lair of Beasts
  7881 | Lair:1   | Noticed a seven-headed hydra
  7905 | Lair:1   | Killed a seven-headed hydra
  8138 | Lair:1   | Reached skill level 10 in Fighting
  8138 | Lair:1   | Reached XP level 12. HP: 77/77 MP: 12/12
  8593 | Lair:2   | Reached skill level 1 in Invocations
  8599 | Lair:2   | Reached skill level 1 in Evocations
  8780 | Lair:2   | Noticed Sonja
  8782 | Lair:2   | Killed Sonja
  8798 | Lair:2   | Received a gift from Okawaru
  8799 | Lair:2   | Reached skill level 10 in Shields
  8863 | Lair:2   | Noticed a death yak
  8876 | Lair:2   | Killed a death yak
  8880 | Lair:2   | Noticed a death yak
  8881 | Lair:2   | Noticed a death yak
  8881 | Lair:2   | Noticed a boulder beetle
  8883 | Lair:2   | Noticed a death yak
  8887 | Lair:2   | Noticed a death yak
  8890 | Lair:2   | Noticed a death yak
  8891 | Lair:2   | Killed a death yak
  8924 | Lair:2   | Mangled by a death yak

Illustrated notes

Levels and vault maps discovered:
D:1:      arrival_zaba_pyramid, layout_basic,
          ebering_ecumenical_altar_abandoned, amethyst_killhole,
          minmay_crystal_water
D:2:      layout_loops_cross, kennysheep_generic_room_5
D:3:      layout_basic, nicolae_sif_muna_little_library, grunt_gozag_breadcrumbs
D:4:      layout_rooms, gammafunk_ghost_abyssal_escape, kennysheep_cross_room,
          st_stairs_14, uniq_eustachio
D:5:      layout_cave_pools, minmay_temple_entry_hall, serial_park
D:6:      layout_rooms, lemuel_tele_altar, amcnicky_altar_gilded,
          hangedman_decor_points, uniq_menkaure
D:7:      layout_rooms, st_stairs_5, feat_on_display, uniq_maggie
D:8:      layout_cave_pods, nicolae_elyvilon_peaceful_grove, lair_entry_dummy,
          enter_bailey_5
D:9:      layout_roguey, bh_walls_and_bars
D:10:     nzn_winding_woodlands_three_and_one
          [nzn_winding_woodlands_5x15_default,
          nzn_winding_woodlands_5x15_default,
          nzn_winding_woodlands_5x15_lazy_stream,
          nzn_winding_woodlands_center_garden], layout_loops_ring,
          nicolae_overflow_crystal_walls
Temple:   kb_temple_of_zot
Lair:1:   layout_gridlike, serial_bayou_shore_a, infiniplex_staircase_pool
Lair:2:   layout_misc_corridors, nzn_sisyphean_effort, uniq_sonja

Skill      XL: |  1  2  3  4  5  6  7  8  9 10 11 12 |
---------------+-------------------------------------+-----
Maces & Flails | 4 5 7 8 10 12 14 | 14.0
Fighting       | 4 5 6 10 | 10.0
Armour         | 2 5 |  5.0
Shields        | 3 8 10 | 10.3
Invocations    | 4 |  4.1
Evocations     | 3 |  3.3
Dodging        | |  2.4
Stealth        | |  2.1

Action                   |  1- 3 |  4- 6 |  7- 9 | 10-12 || total
-------------------------+-------+-------+-------+-------++-------
Melee: Mace              |   129 |   105 |       |       ||   234
       Flail             |       |   118 |   185 |   455 ||   758
Throw: Dart              |       |       |     5 |     1 ||     6
Invok: Heroism           |       |       |     1 |       ||     1
 Abil: Evoke Invisibilit |       |       |     1 |       ||     1
Evoke: Wand              |       |       |       |     2 ||     2
  Use: Scroll            |       |       |     7 |     6 ||    13
       Potion            |       |       |     1 |     2 ||     3
 Stab: Sleeping          |     8 |     1 |       |       ||     9
       Distracted        |       |       |     1 |     6 ||     7
       Invisible         |       |       |     6 |       ||     6
Armor: Robe              |     3 |       |       |       ||     3
       Leather armour    |    56 |   119 |    47 |       ||   222
       Ring mail         |       |       |    42 |   217 ||   259
Dodge: Dodged            |    90 |   184 |   124 |   194 ||   592
Block: Kite shield       |       |       |       |   121 ||   121

Table legend: (Time is in decaauts)
 A = Elapsed time spent in this place.
 B = Non-inter-level travel time spent in this place.
 C = Inter-level travel time spent in this place.
 D = Time resting spent in this place.
 E = Time spent auto-exploring this place.
 F = Levels seen in this place.
 G = Mean time per level.
                   A        B        C        D        E       F      G
               +--------+--------+--------+--------+--------+-----+--------+
         Total |   8906 |   8557 |    349 |    978 |   5564 |  13 |  685.1 |
       Dungeon |   7857 |   7533 |    324 |    949 |   4833 |  10 |  785.7 |
        Temple |     24 |     14 |     10 |      0 |     12 |   1 |   24.0 |
          Lair |   1024 |   1009 |     15 |     29 |    718 |   2 |  512.0 |
               +--------+--------+--------+--------+--------+-----+--------+

Top non-repeatable levels by time:
     D:3: 1218 daAuts
     D:1: 1187 daAuts
    D:10: 955 daAuts
     D:4: 858 daAuts
     D:8: 809 daAuts
     D:2: 726 daAuts
  Lair:1: 699 daAuts
     D:9: 684 daAuts
     D:5: 512 daAuts
     D:7: 452 daAuts
     D:6: 451 daAuts
  Lair:2: 325 daAuts
  Temple: 24 daAuts
